 Dungeon Crawl Stone Soup version 0.28-a0-1493-g08698888e4 (webtiles) character file.

Game seed: 5504755657504288445

142 murtidash the Magician (level 5, 0/35 HPs)
             Began as a Djinni Ice Elementalist on Jan 12, 2022.
             Slain by a centaur zombie (2 damage)
             ... on level 3 of the Dungeon.
             The game lasted 00:03:10 (3509 turns).

murtidash the Magician (Djinni Ice Elementalist)    Turns: 3509, Time: 00:03:11

Health: 0/35       AC:  2    Str:  7    XL:     5   Next: 50%
Gold:   25         EV: 12    Int: 19    God:
                   SH:  0    Dex: 13

rFire   + + .      SeeInvis .   e - +0 club
rCold   x . .      Faith    .   (no shield)
rNeg    . . .      Spirit   .   a - +0 robe
rPois   ∞          Reflect  .   (no helmet)
rElec   .          Harm     .   (no cloak)
rCorr   .          Rampage  .   (no gloves)
Will    .....                   (boots unavailable)
Stlth   ++........              (no amulet)
HPRegen 0.11/turn               (no ring)
MPRegen 0.00/turn               (no ring)

@: flying
A: sickness immunity, fire resistance 2, cold vulnerability 1, float, innate
caster, hp casting, extra vitality 1
a: no special abilities


You were on level 3 of the Dungeon.
You visited 1 branch of the dungeon, and saw 3 of its levels.

You collected 25 gold pieces.

Inventory:

Hand Weapons
 e - a +0 club (weapon)
   (You took it off a kobold on level 1 of the Dungeon)
Armour
 a - a +0 robe (worn)
Magical Staves
 d - a staff of air {rElec}
   (You found it on level 1 of the Dungeon)
 q - a staff of fire {rF+}
   (You found it on level 3 of the Dungeon)
Jewellery
 l - a ring of fire {rF+, rC-}
   (You found it on level 2 of the Dungeon)
Wands
 o - a wand of polymorph (1)
   (You took it off Natasha on level 2 of the Dungeon)
Scrolls
 b - a scroll of teleportation {unknown}
 c - 3 scrolls of identify {unknown}
 g - a scroll of vulnerability {unknown}
 h - a scroll of brand weapon {unknown}
 k - a scroll of summoning {unknown}
 n - a scroll of blinking {unknown}
Potions
 f - 2 potions of curing {unknown}
 i - a potion of haste {unknown}
 j - 2 potions of heal wounds {unknown}
 m - a potion of attraction {unknown}
 p - a potion of cancellation {unknown}


   Skills:
 - Level 2.1 Dodging
 - Level 1.5 Stealth
 + Level 5.0 Spellcasting


You couldn't memorise any spells.
You knew the following spells:

 Your Spells              Type           Power      Damage    Failure   Level
a - Frozen Ramparts       Ice            46%        1d6       4%          3
A - Ozocubu's Armour      Ice            23%        N/A       4%          3
M - Static Discharge      Conj/Air       23%        N/A       2%          2
U - Sandblast             Erth           46%        2d11      1%          1
X - Hailstorm             Conj/Ice       23%        3d7       16%         4
Z - Freeze                Ice            92%        1d10      1%          1
Your spell library was empty.

Dungeon Overview and Level Annotations

Branches:
Dungeon (3/15)

Altars:
Cheibriados


Innate Abilities, Weirdness & Mutations

You are immune to sickness and miasma.
You are immune to poison.
Your flesh is very heat resistant. (rF++)
You are vulnerable to cold. (rC-)
You float through the air rather than walking.
You learn spells naturally, not from books.
Your magical power is your life essence.
You have superior vitality. (+4 MHP)


Message History

A quokka is nearby!
A quokka is nearby!
You can't see any susceptible monsters within range! (Use Z to cast anyway.)
Aim: a quokka (asleep)
You freeze the quokka.
You kill the quokka!
You take 1 damage, and have 34/35 hp.
You can't see any susceptible monsters within range! (Use Z to cast anyway.)
You can't see any susceptible monsters within range! (Use Z to cast anyway.)
p - a cyan potion Health restored: 35
Found a snail-covered altar of Cheibriados.
A bat comes into view.
The bat moves out of view.
No target in view!
A bat is nearby!
Aim: a bat You freeze the bat.
The bat closely misses you.
You take 1 damage, and have 34/35 hp.
You can't see any susceptible monsters within range! (Use Z to cast anyway.)
You can't see any susceptible monsters within range! (Use Z to cast anyway.)
A bat is nearby!
The bat misses you.
You can't see any susceptible monsters within range! (Use Z to cast anyway.)
You can't see any susceptible monsters within range! (Use Z to cast anyway.)
The bat hits you but does no damage.
You can't see any susceptible monsters within range! (Use Z to cast anyway.)
The bat completely misses you.
You completely miss the bat. The bat closely misses you.
The bat hits you but does no damage.
Aim: a bat You freeze the bat!
You kill the bat!
You take 1 damage, and have 33/35 hp.
You can't see any susceptible monsters within range! (Use Z to cast anyway.)
You see here a bat corpse.
Found a stone staircase leading down.
Health restored: 35 A ball python comes into view.
You can't see any susceptible monsters within range! (Use Z to cast anyway.)
Aim: a ball python (asleep)
You freeze the ball python.
The ball python hisses angrily.
The ball python barely misses you. The ball python closely misses you.
You take 1 damage, and have 34/35 hp.
Aim: a ball python (heavily wounded)
You freeze the ball python!
You kill the ball python!
You take 1 damage, and have 33/35 hp.
You can't see any susceptible monsters within range! (Use Z to cast anyway.)
q - a staff of fire {rF+} Health restored: 35 A centaur zombie comes into view.
A centaur zombie is nearby!
Aim: a centaur zombie (dormant)
You freeze the centaur zombie but do no damage.
The centaur zombie completely resists.
The centaur zombie hits you.
The centaur zombie kicks you but does no damage.
You take 5 damage, and have 30/35 hp.
Aim: a centaur zombie You freeze the centaur zombie but do no damage.
The centaur zombie completely resists.
The centaur zombie hits you.
The centaur zombie barely misses you. x2
The centaur zombie closely misses you.
You take 4 damage, and have 26/35 hp.
Aim: a centaur zombie You freeze the centaur zombie.
The centaur zombie resists.
The centaur zombie hits you. The centaur zombie closely misses you.
You take 4 damage, and have 22/35 hp.
Aim: a centaur zombie (lightly damaged)
You freeze the centaur zombie.
The centaur zombie resists.
The centaur zombie hits you. The centaur zombie barely misses you.
You take 5 damage, and have 17/35 hp.
Aim: a centaur zombie (lightly damaged)
You freeze the centaur zombie.
The centaur zombie resists.
The centaur zombie hits you. The centaur zombie barely misses you.
The centaur zombie closely misses you. The centaur zombie misses you.
You take 6 damage, and have 11/35 hp.
Aim: a centaur zombie (lightly damaged)
You freeze the centaur zombie but do no damage.
The centaur zombie completely resists.
* * * LOW HITPOINT WARNING * * *
The centaur zombie closely misses you. The centaur zombie kicks you.
* * * LOW HITPOINT WARNING * * *
You take 2 damage, and have 9/35 hp.
The centaur zombie closely misses you. The centaur zombie kicks you.
* * * LOW HITPOINT WARNING * * *
You take 1 damage, and have 8/35 hp.
The centaur zombie hits you.
* * * LOW HITPOINT WARNING * * *
The centaur zombie kicks you.
* * * LOW HITPOINT WARNING * * *
You take 5 damage, and have 3/35 hp.
The centaur zombie misses you.
The centaur zombie kicks you but does no damage.
The centaur zombie misses you. The centaur zombie kicks you.
* * * LOW HITPOINT WARNING * * *
You take 2 damage, and have 1/35 hp.
The centaur zombie hits you.
You die...

#.# #......### #.#
#......#+# #.#
.......#.#.... # #.# .#
#########.#.... #. ..
#.# ...###.#.......#....
##.##.. #.#
........#######....
#.....###.#######.....#
.........
#.....+...............#
.........
#.....#........Z@..†<.#
.........
#.....................#
.........
#.....................#
.........
#................##+#.#
#####....
#.....#...###....# #...
..#+#
#.....#.............####
### ####...........#####
#.###.......# #.#
........#


You could see a centaur zombie.

Vanquished Creatures
  Natasha (thrice) (D:2)
  An adder (D:2)
  3 worms (D:2)
  A dart slug (D:1)
  6 bats
  2 endoplasms (D:1)
  2 giant cockroaches (D:2)
  4 goblins (D:1)
  4 hobgoblins
  4 jackals (D:2)
  4 kobolds
  2 quokkas (D:3)
  4 ball pythons
  5 frilled lizards
  4 rats
49 creatures vanquished.

Notes
Turn   | Place    | Note
-------+----------+-------------------------------------------
     0 | D:1      | murtidash the Djinni Ice Elementalist began the quest for
                  | the Orb.
     0 | D:1      | Reached XP level 1. HP: 15/15 MP: 0/0
   211 | D:1      | Found a faded altar of an unknown god.
   218 | D:1      | Reached XP level 2. HP: 18/21 MP: 0/0
  1041 | D:2      | Noticed Natasha
  1051 | D:1      | Reached XP level 3. HP: 6/25 MP: 0/0
  1051 | D:1      | Learned a level 1 spell: Sandblast
  1394 | D:2      | Reached skill level 4 in Spellcasting
  1398 | D:2      | Killed Natasha
  1399 | D:2      | Reached XP level 4. HP: 9/31 MP: 0/0
  1414 | D:2      | HP: 4/31 [kobold (4)]
  1524 | D:2      | Noticed Natasha
  2677 | D:2      | Killed Natasha
  2678 | D:2      | Reached XP level 5. HP: 24/35 MP: 0/0
  2678 | D:2      | Learned a level 2 spell: Static Discharge
  3075 | D:2      | Noticed Natasha
  3130 | D:2      | Killed Natasha
  3131 | D:2      | Reached skill level 5 in Spellcasting
  3379 | D:3      | Found a snail-covered altar of Cheibriados.
  3499 | D:3      | HP: 5/35 [centaur zombie (4)]
  3506 | D:3      | HP: 1/35 [centaur zombie (2)]
  3509 | D:3      | Slain by a centaur zombie

Illustrated notes

Levels and vault maps discovered:
D:1:      dpeg_arrival_connections, layout_basic,
          hellmonk_ecumenical_altar_leap_of_faith
D:2:      layout_rooms, uniq_natasha
D:3:      layout_basic, nicolae_kikubaaqudgha_miasma_corner,
          nicolae_overflow_hidden_temple,
          mainiacjoe_overflow_concentric_impassable, uniq_crazy_yiuf_cottage

Skill      XL: |  1  2  3  4  5 |
---------------+----------------+-----
Spellcasting   | 4 5 |  5.0
Dodging        | |  2.1
Stealth        | |  1.5

Action                   |  1- 3 |  4- 6 || total
-------------------------+-------+-------++-------
Melee: Club              |     3 |     5 ||     8
       Unarmed           |     1 |     3 ||     4
 Cast: Freeze            |    37 |    53 ||    90
Armor: Robe              |     5 |     7 ||    12
Dodge: Dodged            |    31 |    41 ||    72

Table legend: (Time is in decaauts)
 A = Elapsed time spent in this place.
 B = Non-inter-level travel time spent in this place.
 C = Inter-level travel time spent in this place.
 D = Time resting spent in this place.
 E = Time spent auto-exploring this place.
 F = Levels seen in this place.
 G = Mean time per level.
                   A        B        C        D        E       F      G
               +--------+--------+--------+--------+--------+-----+--------+
         Total |   3528 |   3420 |    108 |      0 |   3055 |   3 | 1176.0 |
       Dungeon |   3528 |   3420 |    108 |      0 |   3055 |   3 | 1176.0 |
               +--------+--------+--------+--------+--------+-----+--------+

Top non-repeatable levels by time:
     D:2: 1912 daAuts
     D:1: 1437 daAuts
     D:3: 178 daAuts

Table legend:
 A = Kills in this place as a percentage of kills in entire the game.
 B = Kills by you in this place as a percentage of kills by you in the entire game.
 C = Kills by friends in this place as a percentage of kills by friends in the entire game.
 D = Other kills in this place as a percentage of other kills in the entire game.
 E = Experience gained in this place as a percentage of experience gained in the entire game.
 F = Experience gained in this place divided by the number of levels of this place that you have seen.
                   A       B       C       D       E      F
               +-------+-------+-------+-------+-------+----------------------
         Total | 100.0 | 100.0 |   N/A |   N/A | 100.0 |  68.0
       Dungeon | 100.0 | 100.0 |   N/A |   N/A | 100.0 |  68.0
               +-------+-------+-------+-------+-------+----------------------
